 Dungeon Crawl Stone Soup version 0.29-a0-553-g81b289dbe5 (webtiles) character file.

Game seed: 4446390804272622895

6342 Pelinal the Basher (level 10, 0/96 HPs)
             Began as an Ogre Warper on June 6, 2022.
             Was an Elder of Okawaru.
             Killed from afar by Maurice (41 damage)
             ... with a bolt of acid
             ... on level 8 of the Dungeon.
             The game lasted 00:33:21 (15290 turns).

Pelinal the Basher (Ogre Warper)                   Turns: 15290, Time: 00:33:21

Health: 0/96       AC: 13    Str: 21    XL:     10   Next: 96%
Magic:  0/13       EV: 10    Int: 14    God:    Okawaru [****..]
Gold:   0          SH:  0    Dex:  8    Spells: 11/13 levels left

rFire   + . .      SeeInvis .   a - +0 mace (protect)
rCold   + + .      Faith    .   (no shield)
rNeg    . . .      Spirit   +   b - +2 robe {rC+ rF+}
rPois   +          Reflect  .   u - +1 hat
rElec   .          Harm     .   (no cloak)
rCorr   .          Rampage  .   (gloves unavailable)
Will    +....                   (boots unavailable)
Stlth   +.........              A - amulet of guardian spirit
HPRegen 0.26/turn               m - ring of protection from cold
MPRegen 0.13/turn               p - ring of poison resistance

@: finesse-ful, under a protective aura
A: large, unfitting armour, tough skin 1
a: Renounce Religion, Heroism, Finesse


You were on level 8 of the Dungeon.
You worshipped Okawaru.
Okawaru was greatly pleased with you.
You visited 2 branches of the dungeon, and saw 9 of its levels.
You also visited: Sewer.

Inventory:

Hand Weapons
 a - a +0 mace of protection (weapon)
 L - a +0 giant spiked club
 N - a +0 giant club
Missiles
 g - 31 stones
 r - 6 silver boomerangs
 w - a poisoned dart
 Q - 3 boomerangs (quivered)
Armour
 b - a +2 robe of resistance (worn)
 k - a +0 hat of intelligence
 s - +0 swamp dragon scales
 u - a +1 hat (worn)
 G - +0 steam dragon scales
Jewellery
 m - a ring of protection from cold (left hand)
 p - a ring of poison resistance (right hand)
 A - an amulet of guardian spirit (around neck)
 K - a ring of fire
Scrolls
 c - a scroll of blinking
 e - 6 scrolls of teleportation
 f - 2 scrolls of magic mapping
 j - a scroll of brand weapon {unknown}
 n - 2 scrolls of fear
 q - a scroll of enchant armour {unknown}
 t - a scroll of summoning {unknown}
 y - a scroll of immolation {unknown}
 D - 8 scrolls of enchant weapon
 E - a scroll of amnesia {unknown}
Potions
 d - 2 potions of curing
 i - a potion of might
 l - 3 potions of brilliance
 o - 2 potions of attraction
 v - 2 potions of heal wounds {unknown}
 x - a potion of berserk rage
 C - a potion of magic {unknown}
 F - a potion of degeneration {unknown}
 H - a potion of flight {unknown}
 J - a potion of mutation {unknown}
 M - 2 potions of ambrosia {unknown}


   Skills:
 - Level 5.1 Fighting
 - Level 11.5 Maces & Flails
 - Level 1.0(2.9) Slings
 - Level 5.8(6.0) Throwing
 + Level 4.9 Dodging
 - Level 2.4 Spellcasting
 + Level 4.4 Translocations
 + Level 4.7 Invocations


You had 11 spell levels left.
You knew the following spells:

 Your Spells              Type           Power      Damage    Failure   Level
a - Blink                 Tloc           28%        N/A       5%          2

Your spell library contained the following spells:

 Spells                   Type           Power      Damage    Failure   Level
 Gell's Gravitas          Tloc           14%        N/A       11%         3
 Lesser Beckoning         Tloc           14%        N/A       11%         3
 Teleport Other           Tloc           14%        N/A       11%         3
 Magic Dart               Conj           4%         1d3       22%         1
 Slow                     Hex            4%         N/A       22%         1
 Confusing Touch          Hex            1%         N/A       56%         3
 Dazzling Flash           Conj/Hex       2%         N/A       56%         3
 Ignite Poison            Fire/Tmut/Pois 1%         N/A       56%         3
 Mephitic Cloud           Conj/Pois/Air  1%         N/A       56%         3
 Vampiric Draining        Necr           1%         2d6       56%         3
 Manifold Assault         Tloc           14%        N/A       69%         5
 Agony                    Necr           1%         N/A       99%         5
 Fireball                 Conj/Fire      0%         3d3       99%         5
 Freezing Cloud           Conj/Ice/Air   0%         6-21      99%         5
 Iskenderun's Battlesphe  Conj           1%         2d6       99%         5
 Silence                  Hex/Air        0%         N/A       99%         5
 Conjure Ball Lightning   Conj/Air       0%         3x3d6     100%        6
 Orb of Destruction       Conj           0%         9d5       100%        7
 Call Imp                 Summ           Unusable   N/A       N/A         2

Dungeon Overview and Level Annotations

Branches:
Dungeon (8/15)             Temple (1/1) D:4           Sewer (visited)
   Lair: D:8-11

Altars:
Ashenzari
Dithmenos
Elyvilon
Fedhas
Gozag
Hepliaklqana
Kikubaaqudgha
Makhleb
Nemelex Xobeh
Okawaru
Qazlal
Ru
Sif Muna
Trog
Uskayaw
Vehumet
Wu Jian
Xom
Yredelemnul
Zin
The Shining One

Shops:
D:1 =((*   D:2 [

Annotations:
D:7 1 runed translucent door, Crazy Yiuf
D:8 1 runed translucent door, Maurice; oldmanjim's ghost, novice DrIE


Innate Abilities, Weirdness & Mutations

You are too large for most types of armour.
You have tough skin. (AC +1)


Message History

You closely miss something.
You can now deal lightning-fast blows.
You can no longer enter into single combat with a foe.
Okawaru will no longer gift you equipment.
You hear some strange, mumbled words.
Unknown command.
You hear some strange, mumbled words.
You swing at nothing.
You feel like a meek peon again.
You hear a zap.
Something tries to affect you, but you resist.
A stone appears from out of thin air!
The stone hits you.
A stone appears from out of thin air!
The stone hits you but does no damage.
You see here a bullfrog corpse.
There is an open door here.
You see here a bullfrog corpse.
You miss something.
You hear some strange, mumbled words.
You hear a zap.
Something tries to affect you, but you resist.
The now-empty wand crumbles to dust.
You closely miss something. You hit something but do no damage.
Your weapon exudes an aura of protection.
Something hits you but does no damage.
You miss something. You barely miss something. Something hits you!
Something steals your purple potion!
You hit something. You hit something. You barely miss something.
Something hits you! Something steals your wand of acid (9)!
You miss something. You sock something! Something hits you but does no damage.
You hit something but do no damage. You barely miss something.
You hear a zap.
A bolt of acid appears from out of thin air!
The bolt of acid hits you!!!
You die...

#............#
#............#
#............#
#............#
##...###.###'########
###...###.##..##..#..#
#.........#..(.......#
#.........#..........#
#.........#....@{....#
##...########†####..##
##### #'# ####
...........#
...........#
...........#
...........#
...........#
############


There were no monsters in sight!

Vanquished Creatures
  2 two-headed ogres (D:8)
  Maggie (D:7)
  A hornet (D:8)
  Grinder (D:4)
  A steam dragon (D:7)
  An acid dragon (D:8)
  A water moccasin (D:7)
  Duvessa (D:7)
  An ice beast (D:7)
  4 orc warriors (D:7)
  4 black bears
  6 ogres
  2 centaurs (D:7)
  2 phantoms
  A kobold brigand (D:7)
  A scorpion (D:5)
  5 bullfrogs
  2 necrophages
  13 wights
  Dowan (D:7)
  3 hounds
  3 jellies
  6 orc priests
  4 gnoll shamans
  2 iguanas
  4 orc wizards
  Natasha (thrice) (D:4)
  A hell rat (Sewer)
  17 gnolls
  12 adders
  A river rat (Sewer)
  A shadow imp (D:7)
  2 white imps (D:6)
  An adder skeleton (D:3)
  5 worms
  27 orcs
  16 ball pythons
  9 endoplasms
  3 giant cockroaches
  8 goblins
  5 hobgoblins
  2 jackals (D:4)
  10 kobolds
  5 quokkas
  A ball python zombie (D:3)
  5 bats
  5 frilled lizards
  14 rats
226 creatures vanquished.

Vanquished Creatures (others)
  2 fungi (D:7)
  14 plants (D:7)
  6 withered plants (D:3)
22 creatures vanquished.

Grand Total: 248 creatures vanquished

Notes
Turn   | Place    | Note
-------+----------+-------------------------------------------
     0 | D:1      | Pelinal the Ogre Warper began the quest for the Orb.
     0 | D:1      | Reached XP level 1. HP: 22/22 MP: 3/3
   382 | D:1      | Reached skill level 2 in Maces & Flails
   709 | D:1      | Reached XP level 2. HP: 29/29 MP: 5/5
   712 | D:1      | Learned a level 2 spell: Blink
   801 | D:1      | Found Fugeblud's Assorted Antiques.
   904 | D:1      | Found Qupad's Weapon Shop.
   979 | D:1      | Found Obleen's Weapon Shop.
  1323 | D:1      | Found Tuhang's Jewellery Emporium.
  1404 | D:1      | Reached XP level 3. HP: 27/36 MP: 6/6
  1560 | D:2      | Noticed a floating eye
  1567 | D:2      | Found a faded altar of an unknown god.
  1567 | D:2      | Noticed a shining eye
  1933 | D:2      | Noticed a floating eye
  1936 | D:2      | Noticed a shining eye
  1993 | D:2      | Reached skill level 3 in Maces & Flails
  2136 | D:2      | Found Oneecyov's Armour Boutique.
  2237 | D:2      | Reached XP level 4. HP: 40/44 MP: 7/7
  2595 | D:3      | Found a sparkling altar of Nemelex Xobeh.
  3440 | D:3      | Reached XP level 5. HP: 50/50 MP: 8/8
  3605 | D:3      | Reached skill level 4 in Maces & Flails
  5342 | D:4      | Reached XP level 6. HP: 44/58 MP: 9/9
  5597 | D:4      | Found a broken altar of Ashenzari.
  5856 | D:4      | Reached skill level 5 in Maces & Flails
  5871 | D:4      | Found a staircase to the Ecumenical Temple.
  5884 | Temple   | Entered the Ecumenical Temple
  5995 | Temple   | Became a worshipper of Warmaster Okawaru
  6068 | D:4      | Noticed Natasha
  6084 | D:4      | Killed Natasha
  6260 | D:4      | Noticed Grinder
  6282 | D:4      | Killed Grinder
  6283 | D:4      | Reached skill level 1 in Invocations
  6283 | D:4      | Reached XP level 7. HP: 59/66 MP: 10/10
  6306 | D:4      | Noticed Natasha
  6314 | D:4      | Killed Natasha
  6390 | D:4      | Noticed Natasha
  6403 | D:4      | Killed Natasha
  6403 | D:4      | Reached * piety under Okawaru
  6984 | D:5      | Entered Level 5 of the Dungeon
  7070 | D:5      | Reached skill level 6 in Maces & Flails
  7336 | D:5      | Found a glowing drain.
  7357 | Sewer    | Entered a sewer
  7631 | Sewer    | Reached XP level 8. HP: 63/74 MP: 11/11
  8107 | D:5      | Reached skill level 7 in Maces & Flails
  8112 | D:5      | Found a shimmering altar of Xom.
  8919 | D:6      | Reached skill level 5 in Throwing
  8927 | D:6      | Reached ** piety under Okawaru
  9269 | D:5      | Reached skill level 1 in Slings
 10135 | D:6      | HP: 3/65 [gnoll/+0 whip[a gnoll shaman] (6)]
 10621 | D:6      | Reached skill level 8 in Maces & Flails
 10632 | D:6      | Reached XP level 9. HP: 61/77 MP: 12/12
 11193 | D:7      | Found a bloodstained altar of Trog.
 11294 | D:7      | Noticed Dowan
 11347 | D:6      | Reached skill level 9 in Maces & Flails
 11498 | D:7      | Noticed Duvessa
 11688 | D:7      | Reached *** piety under Okawaru
 11935 | D:7      | Reached skill level 10 in Maces & Flails
 12759 | D:7      | Killed Duvessa
 12764 | D:7      | Killed Dowan
 12764 | D:7      | Received a gift from Okawaru
 12765 | D:7      | Reached skill level 11 in Maces & Flails
 12765 | D:7      | Reached XP level 10. HP: 52/88 MP: 11/13
 12933 | D:7      | Noticed Maggie
 12986 | D:7      | Killed Maggie
 13313 | D:7      | Found a runed translucent door.
 13314 | D:7      | Noticed Crazy Yiuf
 14105 | D:7      | Reached **** piety under Okawaru
 14513 | D:8      | Paralysed by a hornet for 1 turns
 14732 | D:8      | Noticed a two-headed ogre
 14749 | D:8      | Killed a two-headed ogre
 14825 | D:8      | Noticed a two-headed ogre
 14833 | D:8      | Killed a two-headed ogre
 14858 | D:8      | Reached skill level 5 in Fighting
 15175 | D:8      | Found a runed translucent door.
 15175 | D:8      | Noticed oldmanjim's ghost (novice DrIE)
 15191 | D:8      | Reached ***** piety under Okawaru
 15230 | D:8      | Noticed Maurice
 15290 | D:8      | Killed from afar by Maurice

Illustrated notes

Levels and vault maps discovered:
D:1:      co_arrival_random_square_maze, layout_rooms, serial_shops,
          nicolae_shop_advertising_works [nicolae_subvault_shop_adworks], shop,
          shop, nicolae_shop_waterfront
D:2:      layout_basic, serial_shops, shop,
          hellmonk_ecumenical_altar_watching_god
D:3:      kennysheep_six_static_rooms, layout_loops_cross,
          nemelex_xobeh_ov_fountains_minmay, serial_undead, serial_undead_e,
          serial_undead_c, serial_undead_d, serial_undead_e,
          minmay_snake_closets
D:4:      layout_basic, ashenzari_altar_1, minmay_temple_entry_glassed_door,
          uniq_grinder, uniq_natasha
D:5:      layout_cave_pools, tgw_xom, cheibrodos_sewer_entry_bend
D:6:      layout_gridville
D:7:      kennysheep_seaside_town, layout_rooms, mainiacjoe_overflow_boulevard,
          uniq_crazy_yiuf_cottage, uniq_duvessa, uniq_maggie
D:8:      layout_gridville, gammafunk_ghost_grave, uniq_maurice
Temple:   regret_index_temple_mists

Skill      XL: |  1  2  3  4  5  6  7  8  9 10 |
---------------+-------------------------------+-----
Maces & Flails | 2 3 4 5 6 8 11 | 11.5
Translocations | 3 4 |  4.4
Throwing       | 2 3 4 5 |  5.8
Invocations    | 1 2 4 |  4.7
Slings         | 1 |  1.0
Fighting       | 5 |  5.1
Dodging        | 4 |  4.9
Spellcasting   | |  2.4

Action                   |  1- 3 |  4- 6 |  7- 9 | 10-12 || total
-------------------------+-------+-------+-------+-------++-------
Melee: Mace              |   127 |   332 |   313 |    20 ||   792
       Punch             |     1 |     3 |    11 |     5 ||    20
       Morningstar       |       |       |   108 |    26 ||   134
       Flail             |       |       |       |    71 ||    71
 Fire: Hunting sling     |       |     8 |     8 |       ||    16
Throw: Boomerang         |     6 |     1 |       |    39 ||    46
       Stone             |    44 |    39 |    24 |       ||   107
       Dart              |       |     6 |    11 |    19 ||    36
Invok: Heroism           |       |       |    14 |     7 ||    21
       Finesse           |       |       |       |     1 ||     1
Evoke: Wand              |       |       |     5 |    12 ||    17
  Use: Scroll            |       |     8 |     6 |       ||    14
       Potion            |       |     2 |     4 |     1 ||     7
Armor: Robe              |    57 |   143 |   177 |    12 ||   389
Dodge: Dodged            |    71 |   151 |   230 |    30 ||   482

Table legend: (Time is in decaauts)
 A = Elapsed time spent in this place.
 B = Non-inter-level travel time spent in this place.
 C = Inter-level travel time spent in this place.
 D = Time resting spent in this place.
 E = Time spent auto-exploring this place.
 F = Levels seen in this place.
 G = Mean time per level.
                   A        B        C        D        E       F      G
               +--------+--------+--------+--------+--------+-----+--------+
         Total |  15364 |  14779 |    585 |   4860 |   6314 |  10 | 1536.4 |
       Dungeon |  14884 |  14332 |    552 |   4663 |   6185 |   8 | 1860.5 |
        Temple |    170 |    138 |     32 |      0 |    119 |   1 |  170.0 |
         Sewer |    309 |    309 |      0 |    197 |     10 |   1 |  309.0 |
               +--------+--------+--------+--------+--------+-----+--------+

Top non-repeatable levels by time:
     D:7: 2735 daAuts
     D:4: 2326 daAuts
     D:6: 2137 daAuts
     D:5: 2098 daAuts
     D:3: 1739 daAuts
     D:1: 1533 daAuts
     D:2: 1499 daAuts
     D:8: 814 daAuts
   Sewer: 309 daAuts
  Temple: 170 daAuts
